Map: Coda LE

Players

kaitlyn

  • Race: Zerg Zerg
  • Spawn Location: 11:00

Kantuva

  • Race: Zerg Zerg
  • Spawn Location: 5:00

VOD

Have the link to the VOD?

Description

Time

  • Played on: April 1, 2015, 8:26 p.m.
  • Length: 8:41
Show
View Real Time Build Order
Export as new Build Order

kaitlyn Zerg 

Build Orders: Hatch First 

Get SALT Encoding   

  12  0:01  Drone  
  13  0:14  Overlord  
  13  0:18  Drone  
  14  0:32  Drone x2  
  16  0:37  Drone  
  17  0:54  Hatchery  
  16  0:58  Drone  
  16  1:00  Extractor  
  16  1:04  Drone  
  18  1:16  Spawning Pool  
  17  1:18  Drone  
  17  1:22  Extractor  
  17  1:24  Drone  
  18  1:35  Drone  
  19  1:45  Overlord  
  19  2:00  Drone  
  20  2:04  Queen  
  20  2:06  Queen, Zergling x2  
  20  2:08  Drone  
  26  2:13  Drone  
  27  2:19  Drone  
  28  2:23  Drone  
  28  2:29  Drone  
  30  2:36  Metabolic Boost  
  30  2:38  Drone  
  30  2:41  Zergling x2  
  32  2:45  Queen  
  32  2:46  Zergling x2  
  35  2:53  Drone  
  35  2:55  Baneling Nest  
  35  2:57  Overlord  
  35  3:04  Drone  
  35  3:14  Spine Crawler  
  35  3:15  Drone x3  
  35  3:17  Overlord  
  35  3:18  Drone x2  
  39  3:22  Zergling x2  
  39  3:26  Overlord  
  40  3:30  Drone x2  
  40  3:32  Drone  
  43  3:37  Extractor  
  43  3:40  Lair  
  42  3:43  Zergling x2  
  42  3:45  Extractor  
  42  3:51  Zergling x8  
  42  3:54  Drone  
  42  3:55  Drone  
  48  3:58  Drone, Extractor  
  48  4:02  Drone x2  
  50  4:04  Drone  
  50  4:06  Drone  
  52  4:13  Drone  
  52  4:14  Drone  
  52  4:16  Overlord  
  54  4:17  Drone  
  56  4:24  Drone x2  
  56  4:25  Drone x2  
  56  4:26  Drone  
  56  4:30  Overlord  
  59  4:36  Overlord  
  59  4:43  Spire  
  59  4:44  Drone  
  59  4:45  Drone  
  59  4:47  Drone  
  60  5:00  Zergling x2  
  60  5:01  Zergling x2  
  60  5:03  Hatchery  
  60  5:04  Zergling x4  
  62  5:11  Zergling x8  
  65  5:16  Zergling x2  
  65  5:17  Zergling x6  
  65  5:19  Drone  
  65  5:20  Overseer  
  68  5:22  Overseer  
  68  5:24  Drone  
  68  5:26  Drone  
  70  5:30  Overlord  
  70  5:31  Drone  
  70  5:32  Baneling x2  
  72  5:44  Overlord, Drone  
  72  5:52  Overlord x2  
  72  5:55  Hatchery  
  72  5:56  Overlord x2  
  71  5:59  Mutalisk x2, Baneling x2  
  75  6:08  Mutalisk x2  
  77  6:16  Mutalisk  
  78  6:21  Overlord x2  
  78  6:22  Drone x2  
  78  6:23  Drone  
  78  6:25  Mutalisk  
  81  6:28  Mutalisk x2  
  81  6:31  Mutalisk  
  85  6:35  Mutalisk x2  
  84  6:40  Zergling x2  
  84  6:45  Evolution Chamber, Zergling x2  
  84  6:46  Infestation Pit  
  82  6:50  Zergling x2  
  83  6:54  Zergling x2  
  83  6:58  Baneling  
  83  6:59  Baneling  
  83  7:01  Zergling x2  
  85  7:04  Zergling x2  
  85  7:05  Baneling  
  85  7:06  Baneling  
  86  7:08  Zergling x2  
  86  7:12  Zergling x6  
  86  7:13  Mutalisk  
  86  7:14  Mutalisk  
  90  7:22  Mutalisk x2  
  84  7:24  Zergling x2  
  84  7:26  Zergling x2  
  84  7:29  Mutalisk  
  82  7:37  Zergling x2  
  82  7:38  Queen x2, Zergling x2  
  88  7:45  Drone x2  
  88  7:47  Drone  
  88  7:50  Drone  
  92  7:57  Drone, Mutalisk  
  92  8:08  Zergling x4  
  92  8:09  Zergling x2  
  86  8:16  Mutalisk  
  86  8:18  Zergling x2  
  77  8:21  Zergling x2  
  77  8:23  Zergling x2  
  77  8:28  Extractor x2  
Show
View Real Time Build Order
Export as new Build Order

Kantuva Zerg 

Build Orders: Hatch First 

Get SALT Encoding   

  12  0:01  Drone  
  13  0:14  Overlord  
  13  0:21  Drone  
  14  0:33  Drone x2  
  16  0:51  Hatchery  
  16  0:55  Drone  
  16  0:57  Extractor  
  16  1:02  Drone  
  16  1:16  Spawning Pool  
  15  1:20  Drone  
  15  1:21  Drone  
  17  1:27  Drone  
  18  1:33  Drone  
  19  1:42  Overlord  
  19  1:56  Drone  
  20  2:03  Metabolic Boost  
  20  2:05  Queen  
  22  2:09  Queen  
  24  2:16  Zergling x2  
  24  2:17  Zergling x2  
  24  2:21  Drone  
  27  2:33  Drone x3  
  30  2:57  Drone x5  
  30  2:58  Drone  
  36  3:00  Baneling Nest  
  35  3:20  Overlord  
  35  3:21  Overlord  
  35  3:28  Overlord  
  35  3:49  Hatchery, Drone x2  
  35  3:50  Drone x6  
  42  4:03  Extractor  
  42  4:05  Extractor  
  42  4:08  Extractor  
  42  4:09  Zergling x14  
  48  4:10  Zergling x4  
  48  4:17  Queen  
  48  4:21  Drone  
  48  4:22  Drone  
  50  4:37  Baneling  
  50  4:38  Baneling x3  
  50  4:46  Drone x5  
  50  4:47  Drone x3  
  57  5:00  Zergling x4  
  59  5:10  Roach Warren  
  59  5:11  Evolution Chamber  
  59  5:12  Evolution Chamber  
  55  5:16  Overlord x2  
  54  5:40  Lair  
  49  5:45  Zergling x20  
  49  5:46  Zergling x8  
  61  5:57  Zerg Missile Weapons Level 1, Zerg Ground Armor Level 1  
  61  6:01  Roach x6  
  70  6:15  Roach x6  
  78  6:36  Drone x4  
  82  6:46  Overlord x3  
  82  6:55  Spore Crawler  
  82  6:57  Spore Crawler x2  
  82  6:59  Baneling x2  
  82  7:00  Baneling x5  
  77  7:05  Spore Crawler  
  77  7:06  Spore Crawler  
  68  7:24  Drone x5  
  68  7:25  Drone x8  
  72  7:32  Queen x2  
  68  7:41  Roach  
  68  7:42  Spore Crawler x2, Roach x2  
  64  7:49  Roach x2  
  64  7:50  Roach  
  70  8:01  Spine Crawler  
  69  8:33  Spore Crawler  
  65  8:35  Spore Crawler  
Tags
 
Matchup
ZvZ
Race
Zerg
Spawn Locations
Cross Positions
Add a new tag
Caveats
  • Supply blocks, unpowered buildings, or Contaminate may cause inaccurate times.
  • Supply counts are checked every 10 seconds.